 Dungeon Crawl Stone Soup version 0.20-a0-622-g01f5896 (console) character file.

37536 nht the Bludgeoner (level 13, -5/134 (135) HPs)
             Began as an Ogre Berserker on Feb 9, 2017.
             Was a High Priest of Trog.
             Slain by a hornet (11 damage)
             ... on level 6 of the Lair of Beasts.
             The game lasted 00:41:26 (17979 turns).

nht the Bludgeoner (Ogre Berserker)                Turns: 17979, Time: 00:41:26

HP:   -5/134 (135)  AC:  9    Str: 28    XL:     13   Next: 97%
MP:   13/13         EV: 13    Int:  8    God:    Trog [*****.]
Gold: 838           SH:  0    Dex:  8    Spells: 12/12 levels left

rFire    . . .     SeeInvis .   K - +8 g.spiked club {flame, rC+}
rCold    + . .     Gourm    .   M - +0 troll leather armour
rNeg     . . .     Faith    .   (shield currently unavailable)
rPois    .         Spirit   .   t - +2 hat
rElec    .         Reflect  .   U - +1 cloak
rCorr    .         Harm     .   (gloves unavailable)
MR       +....                  (boots unavailable)
Stlth    +.........             (no amulet)
Regen    0.8/turn               x - +3 ring of slaying
                                F - +3 ring of evasion

@: exhausted, slowed, very slow
A: unfitting armour, tough skin 1
a: Berserk, Trog's Hand, Brothers in Arms, Burn Spellbooks, Renounce Religion


You were on level 6 of the Lair of Beasts.
You worshipped Trog.
Trog was extremely pleased with you.
You were near starving.

You visited 2 branches of the dungeon, and saw 17 of its levels.
You also visited: Labyrinth and Sewer.

You collected 1212 gold pieces.
You spent 374 gold pieces at shops.

Inventory:

Hand Weapons
 y - a +2 blowgun
 C - the +6 giant spiked club of the Pillar {freeze, rPois rF++ MR- SInv}
   (Trog gifted it to you on level 7 of the Dungeon)

   It has been specially enchanted to freeze those struck by it, causing extra
   injury to most foes and up to half again as much damage against particularly
   susceptible opponents.
   It can also slow down cold-blooded creatures.
   It greatly protects you from fire.
   It protects you from poison.
   It affects your resistance to hostile enchantments.
   It lets you see invisible.
 K - the +8 giant spiked club of Monotheism (weapon) {flame, rC+}
   (Trog gifted it to you on level 4 of the Lair of Beasts)

   It has been specially enchanted to burn those struck by it, causing extra
   injury to most foes and up to half again as much damage against particularly
   susceptible opponents.
   It protects you from cold.
 V - a +4 great mace of crushing
Missiles
 h - 9 tomahawks (quivered)
 i - 5 javelins
 v - 2 throwing nets
 w - 9 large rocks
 G - 11 exploding tomahawks
 R - 2 silver tomahawks
 S - 2 tomahawks of dispersal
 T - 3 poisoned javelins
Armour
 t - a +2 hat (worn)
 M - a +0 troll leather armour (worn)
 U - a +1 cloak (worn)
Jewellery
 x - a +3 ring of slaying (right hand)
 F - a +3 ring of evasion (left hand)
 I - an uncursed ring of protection from cold
 X - the ring of Rierph {SInv Stlth+}
   (You took it off a minotaur in a labyrinth)

   [ring of see invisible]

   It lets you see invisible.
   It makes you more stealthy.
Wands
 e - a wand of disintegration (13/24)
 j - a wand of iceblast (7/15)
 r - a wand of iceblast (6/15)
 u - a wand of digging (14/24)
 J - a wand of iceblast (6/15)
 P - a wand of disintegration (15/24)
 W - a wand of disintegration (14/24)
 Z - a wand of disintegration (17/24)
Scrolls
 f - 5 scrolls of teleportation
 k - 10 scrolls of remove curse
 m - 2 scrolls of fear
 n - 4 scrolls of enchant weapon
 p - 2 scrolls of brand weapon
 B - 2 scrolls of fog
 E - a scroll of summoning
 L - a scroll of recharging
 Q - a scroll of silence
 Y - 2 scrolls of identify
Potions
 b - 2 potions of haste
 l - 8 potions of curing
 o - a potion of cancellation
 s - 5 potions of lignification
 z - a potion of might
 A - 5 potions of mutation
 D - 5 potions of flight
 H - 2 potions of berserk rage
 N - 2 potions of invisibility
 O - a potion of heal wounds
Comestibles
 a - 2 chunks of flesh
 c - 13 bread rations
 d - 31 fruits
 g - 15 royal jellies
 q - 4 meat rations


   Skills:
 - Level 10.4 Fighting
 * Level 16.6 Maces & Flails
 - Level 12.0 Throwing
 - Level 2.6 Dodging


You had 12 spell levels left.
You didn't know any spells.

Dungeon Overview and Level Annotations

Branches:
Dungeon (11/15)            Temple (0/1) D:7            Lair (6/6) D:11
  Swamp (0/4) Lair:2        Snake (0/4) Lair:4          Orc (0/2) D:11
  Slime: Lair:5-6

Altars:
Ashenzari
Elyvilon
Fedhas
Hepliaklqana
Kikubaaqudgha
Okawaru
Xom
Yredelemnul
The Shining One

Shops:
D:7 *   D:9 *[[!=

Annotations:
D:6 exclusion: oklob plant
Lair:1 exclusion: oklob plant


Innate Abilities, Weirdness & Mutations

You are too large for most types of armour.
You have tough skin. (AC +1)


Message History

You sock the yak! You burn the yak.
The yak is severely wounded.
The yak misses you. The yak gores you but does no damage.
The yak barely misses you.
You pound the polar bear like an anvil!!!
You burn the polar bear!
You kill the polar bear!
Trog accepts your kill.
You hear a bellow! x4; You hear a roar!
The yak gores you!
* * * LOW HITPOINT WARNING * * *
The yak gores you!
* * * LOW HITPOINT WARNING * * *
A yak comes into view.
You sock the hornet! You burn the hornet.
The hornet is severely wounded.
You are no longer berserk.
You are exhausted.
You feel yourself slow down. The hornet stings you!
You die...

█.█P.....██
............
.............
.............
........l...Y
............█
..........y.█
..........Y@█
..........YY██...
...≈.....†........
█..........█...█
█....<....██ ..+
≈≈≈≈.........█ .
≈≈≈≈.(...<...█
≈█.≈(..........
█.(.$..........


You could see 4 yaks, a basilisk and a hornet.

Vanquished Creatures
  A minotaur (Lab)
  2 hydras
  7 two-headed ogres
  A death yak (Lair:5)
  The ghost of 100P the Spear-Bearer, a novice DsFi of Qazlal (D:10)
  Nergalle (Lair:4)
  A swamp dragon (shapeshifter) (D:11)
  A deep elf mage (D:11)
  A cyclops (D:11)
  14 elephants
  Joseph (D:7)
  5 spiny frogs
  A gargoyle (D:10)
  A rime drake (Lair:6)
  3 komodo dragons
  2 polar bears
  A queen bee (D:11)
  2 trolls
  3 blink frogs (Lair:4)
  A hornet (Lair:6)
  4 hippogriffs
  A wyvern (D:11)
  19 yaks
  2 basilisks
  4 hungry ghosts (Lab)
  4 swamp worms
  5 nagas (Lair:4)
  A porcupine (Lair:3)
  7 water moccasins
  6 ice beasts
  6 orc warriors
  A hornet zombie (D:11)
  2 phantoms
  3 necrophages (D:10)
  2 black bears (D:10)
  4 sky beasts
  7 ogres
  12 wolves
  8 centaurs
  12 crocodiles
  8 big kobolds
  15 bullfrogs
  6 scorpions
  A wyvern skeleton (D:9)
  31 killer bees
  4 howler monkeys
  13 wights
  2 electric eels
  5 crimson imps
  2 centaur zombies (D:7)
  7 hounds
  14 orc priests
  15 orc wizards
  2 jellies
  2 centaur skeletons
  3 iguanas
  11 worker ants
  A hound skeleton (D:10)
  2 worker ant zombies
  Robin (D:2)
  20 adders
  7 gnolls
  A river rat (Sewer)
  2 shadow imps
  3 oozes (Sewer)
  An adder skeleton (D:9)
  3 adder zombies
  6 worms (Sewer)
  3 dart slugs (D:1)
  3 leopard geckos
  111 orcs
  3 ball pythons (Sewer)
  6 bats
  5 giant cockroaches
  14 goblins
  13 hobgoblins
  2 jackals (D:9)
  8 quokkas
  5 frilled lizards
  21 kobolds
  A leopard gecko skeleton (D:5)
  A leopard gecko zombie (D:8)
  6 rats
  A spectral orc (D:5)
  A plant (Lair:3)
552 creatures vanquished.

Vanquished Creatures (collateral kills)
  A gargoyle (D:11)
  A troll (D:11)
  A hippogriff (D:11)
  A centaur (D:11)
  A bullfrog (D:11)
  12 killer bees (D:11)
  An orc priest (D:10)
  An orc wizard (D:10)
  2 orcs (D:10)
  A jackal (D:11)
22 creatures vanquished.

Vanquished Creatures (others)
  A sky beast (D:8)
  6 fungi
  31 plants
38 creatures vanquished.

Grand Total: 612 creatures vanquished

Notes
Turn   | Place    | Note
-------+----------+-------------------------------------------
     0 | D:1      | nht the Ogre Berserker began the quest for the Orb.
     0 | D:1      | Reached XP level 1. HP: 24/24 MP: 1/1
    26 | D:1      | Reached skill level 3 in Maces & Flails
   128 | D:1      | Reached XP level 2. HP: 28/32 MP: 2/2
   572 | D:1      | Reached XP level 3. HP: 30/39 MP: 3/3
   641 | D:2      | Reached ** piety under Trog
   666 | D:2      | Reached skill level 4 in Maces & Flails
   723 | D:2      | Noticed Robin
   934 | D:2      | Found a shimmering altar of Xom.
  1019 | D:2      | Reached XP level 4. HP: 48/48 MP: 4/4
  1056 | D:2      | Killed Robin
  1481 | D:3      | Found a hazy altar of Hepliaklqana.
  1486 | D:3      | Found a glowing golden altar of the Shining One.
  1613 | D:3      | Reached *** piety under Trog
  1613 | D:3      | Reached skill level 5 in Maces & Flails
  1617 | D:3      | Reached XP level 5. HP: 17/54 MP: 5/5
  1787 | D:3      | Found an iron altar of Okawaru.
  1920 | D:3      | Found a white marble altar of Elyvilon.
  2612 | D:4      | Reached skill level 6 in Maces & Flails
  2612 | D:4      | Reached XP level 6. HP: 56/62 MP: 6/6
  3462 | D:4      | Reached XP level 7. HP: 47/70 MP: 7/7
  3468 | D:4      | Reached skill level 7 in Maces & Flails
  3901 | D:4      | Received a gift from Trog
  4016 | D:5      | Entered Level 5 of the Dungeon
  4134 | D:5      | Reached skill level 8 in Maces & Flails
  4185 | D:5      | Found a glowing drain.
  4202 | Sewer    | Entered a sewer
  4291 | Sewer    | Reached **** piety under Trog
  4411 | Sewer    | Reached XP level 8. HP: 72/78 MP: 8/8
  4565 | Sewer    | Reached skill level 9 in Maces & Flails
  5232 | D:5      | Found a basalt altar of Yredelemnul.
  5577 | D:6      | Reached skill level 10 in Maces & Flails
  5905 | D:6      | Found a shattered altar of Ashenzari.
  6142 | D:6      | Reached XP level 9. HP: 33/84 MP: 9/9
  6291 | D:6      | Found a blossoming altar of Fedhas.
  6302 | D:6      | Noticed an oklob plant
  6682 | D:6      | Reached ***** piety under Trog
  6920 | D:7      | Found a staircase to the Ecumenical Temple.
  6937 | D:7      | Reached skill level 11 in Maces & Flails
  7272 | D:7      | Noticed Joseph
  7286 | D:7      | Killed Joseph
  7372 | D:7      | Reached skill level 12 in Maces & Flails
  7433 | D:7      | Reached skill level 1 in Throwing
  7800 | D:7      | Received a gift from Trog
  7801 | D:7      | Got a pitted giant spiked club {god gift}
  7809 | D:7      | Identified the +6 giant spiked club of the Pillar {freeze, rPois rF++ MR- SInv} (Trog gifted it to you on level 7 of the Dungeon)
  7814 | D:7      | Reached XP level 10. HP: 74/92 MP: 10/10
  7891 | D:7      | Found Ecouq's Assorted Antiques.
  7894 | D:7      | Bought a fluorescent wand for 88 gold pieces
  7894 | D:7      | Bought 2 scrolls labeled KORUUTYPUCK for 44 gold pieces
  7894 | D:7      | Bought a scroll labeled DARUINECHU for 22 gold pieces
  7895 | D:7      | Bought a scroll of teleportation for 66 gold pieces
  7895 | D:7      | Bought a scroll of teleportation for 66 gold pieces
  7895 | D:7      | Bought a scroll of identify for 44 gold pieces
  7895 | D:7      | Bought a scroll of identify for 44 gold pieces
  8026 | D:7      | Reached skill level 5 in Throwing
  8287 | D:8      | Noticed a two-headed ogre
  8401 | D:8      | Killed a two-headed ogre
  9194 | D:9      | Found Qokaru's Assorted Antiques.
  9231 | D:9      | Found Wucs's Armour Emporium.
  9285 | D:9      | Found Feyleqio's Distillery.
  9285 | D:9      | Found Hoasmev's Jewellery Shop.
  9355 | D:9      | Noticed a two-headed ogre
  9358 | D:9      | Killed a two-headed ogre
  9358 | D:9      | Reached XP level 11. HP: 98/100 MP: 11/11
  9608 | D:9      | Reached skill level 10 in Throwing
  9694 | D:9      | Noticed a two-headed ogre
  9715 | D:9      | Killed a two-headed ogre
  9951 | D:9      | Found Ovybla Gune's Armour Boutique.
 10107 | D:9      | Received a gift from Trog
 10569 | D:10     | Entered Level 10 of the Dungeon
 10621 | D:10     | Noticed 100P's ghost (novice DsFi)
 10633 | D:10     | Killed 100P's ghost
 11684 | D:10     | Reached skill level 5 in Fighting
 11697 | D:10     | Noticed a two-headed ogre
 11703 | D:10     | Killed a two-headed ogre
 11823 | D:11     | Received a gift from Trog
 12021 | D:11     | Got a flickering glass ring
 12035 | D:11     | Reached XP level 12. HP: 100/113 MP: 12/12
 12385 | D:11     | Noticed a two-headed ogre
 12405 | D:11     | Reached skill level 13 in Maces & Flails
 12595 | D:11     | Noticed a two-headed ogre
 12606 | D:11     | Killed a two-headed ogre
 12644 | D:11     | Noticed a two-headed ogre
 12650 | D:11     | Killed a two-headed ogre
 12650 | D:11     | Received a gift from Trog
 12746 | D:11     | Found a staircase to the Lair.
 12773 | D:11     | Found a staircase to the Orcish Mines.
 12773 | D:11     | Noticed a four-headed hydra
 12778 | D:11     | Killed a four-headed hydra
 12837 | D:11     | Killed a two-headed ogre
 13028 | D:11     | Received a gift from Trog
 13041 | D:11     | Reached skill level 14 in Maces & Flails
 13281 | Lair:1   | Entered Level 1 of the Lair of Beasts
 13638 | Lair:1   | Received a gift from Trog
 14288 | Lair:2   | Found a white marble altar of Elyvilon.
 14335 | Lair:2   | Found a labyrinth entrance.
 14338 | Lair:2   | You fall through a shaft for 2 floors!
 14417 | Lab      | Entered a labyrinth
 14806 | Lab      | Noticed a minotaur
 14820 | Lab      | Killed a minotaur
 14820 | Lab      | Reached XP level 13. HP: 97/132 MP: 13/13
 14822 | Lab      | Got a slimy ivory ring
 14830 | Lab      | Identified the cursed ring "Laaph" {*Contam rN+++ EV-6 Str+4 SInv} (You took it off an orc on level 11 of the Dungeon)
 14831 | Lab      | Identified the ring of Rierph {SInv Stlth+} (You took it off a minotaur in a labyrinth)
 14972 | Lair:2   | Reached skill level 10 in Fighting
 14991 | Lair:2   | Found a staircase to the Swamp.
 15623 | Lair:3   | Reached skill level 15 in Maces & Flails
 15837 | Lair:3   | Found an ancient bone altar of Kikubaaqudgha.
 16837 | Lair:4   | Reached skill level 16 in Maces & Flails
 16881 | Lair:4   | Noticed Nergalle
 16897 | Lair:4   | Received a gift from Trog
 16904 | Lair:4   | Got a faintly glowing giant spiked club {god gift}
 16905 | Lair:4   | Identified the +8 giant spiked club of Monotheism {flame, rC+} (Trog gifted it to you on level 4 of the Lair of Beasts)
 16922 | Lair:4   | Killed Nergalle
 16946 | Lair:4   | Found a staircase to the Snake Pit.
 17894 | Lair:6   | Entered Level 6 of the Lair of Beasts
 17978 | Lair:6   | HP: 7/201 [yak (14)]
 17979 | Lair:6   | Slain by a hornet

Vault maps used:
D:1:      dpeg_arrival_pond, kennysheep_small_spiral
D:2:      lemuel_doored_altar, uniq_robin
D:3:      corexii_shack_village, marbit_many_paths, okawaru_trees_2, minitemple
D:4:      first_bread
D:5:      yredelemnul_forgotten_temple_becter, portal_sewer_entry_d
D:6:      cheibrodos_ashenzari_chains, tgw_fedhas
D:7:      minmay_temple_entry_water_ring, serial_shops,
          nicolae_shop_behind_doors, hex_large, uniq_joseph
D:8:      minmay_unpleasant_kobolds
D:9:      minmay_imperfect_grid, serial_shops, shop, shop_coins,
          nicolae_shop_crystal, nicolae_shop_window_shopping, shop,
          hangedman_abyss_or_decor_stagger
D:10:     serial_undead, serial_undead_a, serial_undead_e, serial_undead_c,
          serial_undead_f, blue_anna_alchemist, serial_bayou_pond_d,
          minmay_misc_feat_ornament
D:11:     regret_index_bee_streams, lair_entry_dummy, hiddenorc1_lemuel
Lair:1:   minmay_lair_oklob_tunnel
Lair:2:   nicolae_swamp_entry_splash_gauntlet, lab_entry_generic, basic_altar,
          minivault_11
Lair:3:   basic_altar
Lair:4:   beast_lair_carwin_large_2, minmay_snake_entry_guardpost_medium,
          serial_bayou_shore_a, uniq_nergalle
Lair:5:   serial_bayou_lagoon_a, kennysheep_catoblepas_arena, grunt_megastairs_5
Lair:6:   gammafunk_lair_ancient_temple, slime_altar_2, uniq_snorg
Lab:      labyrinth_watery, nicolae_lab_grate
Sewer:    sewer_co_tree

Skill      XL: |  1  2  3  4  5  6  7  8  9 10 11 12 13 |
---------------+----------------------------------------+-----
Maces & Flails | 3 4 5 6 8 10 12 14 16 | 16.6
Throwing       | 3 9 12 | 12.0
Fighting       | 6 9 10 | 10.4
Dodging        | |  2.6

Action                   |  1- 3 |  4- 6 |  7- 9 | 10-12 | 13-15 || total
-------------------------+-------+-------+-------+-------+-------++-------
Melee: Mace              |   100 |   162 |       |       |       ||   262
       Flail             |       |    91 |   214 |       |       ||   305
       Whip              |       |       |   198 |   819 |   194 ||  1211
       Unarmed           |       |       |    22 |       |       ||    22
       Giant spiked club |       |       |       |       |    47 ||    47
       Great mace        |       |       |       |       |     8 ||     8
Throw: Tomahawk          |       |       |       |   111 |    74 ||   185
       Throwing net      |       |       |       |     1 |       ||     1
       Large rock        |       |       |       |       |    15 ||    15
Invok: Berserk           |       |     2 |     9 |    12 |     4 ||    27
       Burn Spellbooks   |       |       |       |     3 |     3 ||     6
       Brothers in Arms  |       |       |       |     3 |       ||     3
       Trog's Hand       |       |       |       |     2 |     1 ||     3
Evoke: Wand              |       |       |       |    14 |    11 ||    25
  Use: Potion            |     1 |     2 |       |     1 |       ||     4
       Scroll            |       |       |     9 |    21 |     6 ||    36
 Stab: Sleeping          |       |     1 |     1 |     6 |       ||     8
       Held in net/web   |       |       |       |     2 |       ||     2
       Distracted        |       |       |       |     2 |       ||     2
  Eat: Chunk             |       |    11 |    23 |    32 |    13 ||    79
       Fruit             |       |       |       |     5 |       ||     5
Armor: Animal skin       |    37 |    57 |    85 |    75 |       ||   254
       Skin              |     6 |    37 |       |    30 |       ||    73
       Troll leather arm |       |       |       |    50 |    64 ||   114
Dodge: Dodged            |    62 |   141 |   150 |   313 |   107 ||   773
